 Dungeon Sprint DCSS version 0.17-a0-2118-g63bad21 (webtiles) character file.

4300000 hexophile the Ninja (level 24, -44/158 HPs)
             Began as a Spriggan Warper on Oct 20, 2015.
             Was the Champion of Makhleb.
             Annihilated by The Servant
             ... wielding a +9 glaive of flaming
              (55 damage)
             ... in the Dungeon (Sprint VIII: "Arena of Blood").
             The game lasted 00:01:33 (43 turns).

hexophile the Ninja (Spriggan Warper)                 Turns: 43, Time: 00:01:33

Health: -44/158    AC:  4    Str:  7    XL:     24   Next: 39%
Magic:  22/55      EV: 45    Int: 15    God:    Makhleb [******]
Gold:   0          SH:  0    Dex: 26    Spells: 1 memorised, 76 levels left

rFire  . . .     SeeInvis +     k - +∞ Axe of Woe
rCold  . . .     Clarity  .     a - +0 robe
rNeg   . . .     SustAt   .     (shield restricted)
rPois  .         Gourm    .     (helmet restricted)
rElec  .         Spirit   .     (no cloak)
rCorr  .         Warding  .     (gloves unavailable)
rMut   .         NoTele   +     (boots unavailable)
MR     ++++.                    (no amulet)
Stlth  ++++++++++               (no ring)
                                (no ring)

@: very quick, incredibly resistant to hostile enchantments, uncannily stealthy
A: unfitting armour, see invisible, herbivore 3, speed 3, slow metabolism 2
a: Minor Destruction, Lesser Servant of Makhleb, Major Destruction, Greater
Servant of Makhleb, Renounce Religion


You were in the Dungeon.
You worshipped Makhleb.
Makhleb was exalted by your worship.
You were not hungry.

You visited 1 branch


Innate Abilities, Weirdness & Mutations

You are tiny and cannot use many weapons and most armour.
You have supernaturally acute eyesight.
You are a herbivore.
You cover ground extremely quickly.
You need consume almost no food.

Inventory:

Hand Weapons
 k - the +∞ Axe of Woe (weapon)
   (You found it in the Dungeon)
Missiles
 d - 5 tomahawks of dispersal (quivered)
Armour
 a - a +0 robe (worn)
Scrolls
 c - 2 scrolls of blinking
Potions
 f - a potion of curing
 g - a potion of heal wounds
 h - a potion of haste
 i - 2 potions of magic
 j - a potion of berserk rage
Books
 b - a book of Spatial Translocations

   Spells                             Type                      Level
   a - Apportation                    Translocation                1
   b - Blink                          Translocation                2
   c - Shroud of Golubria             Charms/Translocation         2
   d - Portal Projectile              Translocation                3
   e - Teleport Other                 Translocation                3
   f - Passage of Golubria            Translocation                4
Comestibles
 e - a bread ration


You had 76 spell levels left.
You knew the following spells:

 Your Spells              Type           Power        Failure   Level  Hunger
z - Apportation           Tloc           #######...   0%          1    None


   Skills:
 O Level 27 Fighting
 O Level 27 Axes
 O Level 27 Throwing
 O Level 27 Armour
 O Level 27 Dodging
 O Level 27 Stealth
 O Level 27 Unarmed Combat
 O Level 27 Spellcasting
 O Level 27 Translocations
 O Level 27 Invocations

Dungeon Overview and Level Annotations

Branches:
Dungeon (1/1)

Altars:
Makhleb

Annotations:
D The Servant

Vault maps used:
D:        meatsprint
You       could see
The       Servant, 2 destroyers, 2 sculptors of flesh, a large bag of meat
          (inner flame), 2 meat berserkers, 2 small abominations and 22 bags of
          meat.


Message History

The destroyer hits you with a +9 great sword of slicing!!
The destroyer bites you!
The destroyer draws strength from your injuries! 2 orcs and 3 small abominations come into view.
Items here: )) == a +9 war axe; a +30 ring of slaying; a +9 great sword of slicing a +200 ring of slaying You take 49 damage, and have 97/153 hp.
MASSIVE DAMAGE!!
Unknown command.
You hit the destroyer.
You slaughter the destroyer joyfully.
You destroy the destroyer!
Makhleb accepts your kill.
You slash the bag of meat! You chop the bag of meat into pieces.
You kill the bag of meat!
Makhleb accepts your kill.
You feel better.
You hit the small abomination.
You fatally mangle the small abomination.
You destroy the small abomination!
Makhleb accepts your kill.
You feel better.
You slash the bag of meat!
You pulverise the bag of meat into a thin bloody mist.
You kill the bag of meat!
Makhleb accepts your kill.
You have reached level 24!
Your experience leads to an increase in your attributes!
Increase (S)trength, (I)ntelligence, or (D)exterity?
You feel agile.
You are engulfed in roaring flames.
You hear a shout! x5
You regained 49 hp, and now have 146/158 hp.
Unknown command.
Unknown command.
Unknown command.
Unknown command.
You slice the meat berserker!!
You hew the meat berserker savagely.
You kill the meat berserker!
Makhleb accepts your kill.
You feel better.
You hit the bag of meat.
You fatally mangle the bag of meat.
You kill the bag of meat!
Makhleb accepts your kill.
You are engulfed in roaring flames.
You hear a shout!
The destroyer blinks!
You hear a shout! x2
The Servant is engulfed in roaring flames.
The Servant hits you from afar with a +9 glaive of flaming!!!!
Ouch! That really hurt!
* * * LOW HITPOINT WARNING * * *
The Servant burns you!!!
You die...

Action                   |  1- 3 |  4- 6 |  7- 9 | 10-12 | 13-15 | 16-18 | 19-21 | 22-24 || total
-------------------------+-------+-------+-------+-------+-------+-------+-------+-------++-------
Melee: Broad axe         |     1 |       |       |     2 |     2 |     5 |     8 |     6 ||    24

Notes
Turn   | Place    | Note
--------------------------------------------------------------
     0 | D        | hexophile the Spriggan Warper began the quest for the Orb.
     0 | D        | Reached XP level 1. HP: 10/10 MP: 5/5
     4 | D        | Became a worshipper of Makhleb the Destroyer
     5 | D        | Noticed a bag of meat
     5 | D        | Noticed a bag of meat
     6 | D        | Noticed a bag of meat
     7 | D        | Noticed a bag of meat
     7 | D        | Noticed a bag of meat
     7 | D        | Noticed a meat berserker
     8 | D        | Noticed a bag of meat
    11 | D        | Noticed a bag of meat
    11 | D        | Killed a bag of meat
    11 | D        | Reached skill level 22 in Axes
    11 | D        | Reached XP level 2. HP: 14/14 MP: 6/6
    11 | D        | Reached XP level 3. HP: 18/18 MP: 8/8
    11 | D        | Reached XP level 4. HP: 22/22 MP: 9/9
    11 | D        | Reached XP level 5. HP: 25/25 MP: 10/10
    11 | D        | Reached XP level 6. HP: 30/30 MP: 11/11
    11 | D        | Reached XP level 7. HP: 33/33 MP: 12/12
    11 | D        | Reached XP level 8. HP: 37/37 MP: 13/13
    11 | D        | Reached XP level 9. HP: 41/41 MP: 14/14
    11 | D        | Reached XP level 10. HP: 46/46 MP: 15/15
    11 | D        | Reached XP level 11. HP: 49/49 MP: 16/16
    12 | D        | Killed a bag of meat
    12 | D        | Reached * piety under Makhleb
    12 | D        | Reached skill level 6 in Fighting
    12 | D        | Reached skill level 11 in Dodging
    12 | D        | Reached skill level 11 in Stealth
    12 | D        | Reached skill level 9 in Spellcasting
    12 | D        | Reached skill level 11 in Translocations
    12 | D        | Reached XP level 12. HP: 52/62 MP: 16/26
    13 | D        | Noticed a meat berserker
    13 | D        | Killed a meat berserker
    13 | D        | Reached skill level 10 in Fighting
    13 | D        | Reached skill level 23 in Axes
    13 | D        | Reached skill level 16 in Dodging
    13 | D        | Reached skill level 17 in Stealth
    13 | D        | Reached skill level 14 in Spellcasting
    13 | D        | Reached skill level 16 in Translocations
    13 | D        | Reached XP level 13. HP: 55/72 MP: 16/32
    13 | D        | Reached XP level 14. HP: 58/77 MP: 16/33
    13 | D        | Killed a meat berserker
    13 | D        | Reached ** piety under Makhleb
    13 | D        | Reached skill level 12 in Fighting
    13 | D        | Reached skill level 24 in Axes
    13 | D        | Reached skill level 19 in Dodging
    13 | D        | Reached skill level 20 in Stealth
    13 | D        | Reached skill level 16 in Spellcasting
    13 | D        | Reached skill level 19 in Translocations
    13 | D        | Reached XP level 15. HP: 60/85 MP: 16/36
    14 | D        | Noticed a meat berserker
    14 | D        | Noticed a bag of meat
    14 | D        | Killed a bag of meat
    14 | D        | Reached skill level 13 in Fighting
    14 | D        | Reached skill level 20 in Dodging
    14 | D        | Reached skill level 21 in Stealth
    14 | D        | Reached skill level 17 in Spellcasting
    14 | D        | Reached skill level 20 in Translocations
    14 | D        | Killed a bag of meat
    14 | D        | Reached *** piety under Makhleb
    14 | D        | Reached skill level 14 in Fighting
    14 | D        | Reached skill level 25 in Axes
    14 | D        | Reached skill level 21 in Dodging
    14 | D        | Reached skill level 23 in Stealth
    14 | D        | Reached skill level 18 in Spellcasting
    14 | D        | Reached skill level 21 in Translocations
    17 | D        | Noticed a bag of meat
    17 | D        | Killed a bag of meat
    17 | D        | Reached skill level 22 in Dodging
    17 | D        | Reached skill level 24 in Stealth
    17 | D        | Reached skill level 19 in Spellcasting
    17 | D        | Reached skill level 22 in Translocations
    17 | D        | Reached XP level 16. HP: 93/93 MP: 16/40
    18 | D        | Killed a bag of meat
    18 | D        | Reached skill level 15 in Fighting
    18 | D        | Reached skill level 23 in Dodging
    18 | D        | Reached skill level 25 in Stealth
    18 | D        | Reached skill level 20 in Spellcasting
    18 | D        | Reached skill level 23 in Translocations
    19 | D        | Noticed a meat berserker
    19 | D        | Noticed a meat berserker
    20 | D        | Killed a meat berserker
    20 | D        | Reached **** piety under Makhleb
    20 | D        | Reached skill level 16 in Fighting
    20 | D        | Reached skill level 26 in Axes
    20 | D        | Reached skill level 25 in Dodging
    20 | D        | Reached skill level 27 in Stealth
    20 | D        | Reached skill level 22 in Spellcasting
    20 | D        | Reached skill level 25 in Translocations
    20 | D        | Reached XP level 17. HP: 97/102 MP: 17/44
    20 | D        | Killed a bag of meat
    20 | D        | Reached skill level 17 in Fighting
    20 | D        | Reached skill level 26 in Dodging
    20 | D        | Reached skill level 23 in Spellcasting
    20 | D        | Reached skill level 26 in Translocations
    21 | D        | Noticed a meat berserker
    21 | D        | Noticed a meat berserker
    22 | D        | Noticed a meat berserker
    22 | D        | Noticed a destroyer
    22 | D        | Noticed a large bag of meat
    22 | D        | Noticed a bag of meat
    22 | D        | Noticed a bag of meat
    22 | D        | Noticed a bag of meat
    22 | D        | Noticed a bag of meat
    23 | D        | Noticed a bag of meat
    24 | D        | Noticed a bag of meat
    25 | D        | Killed a meat berserker
    25 | D        | Reached ***** piety under Makhleb
    25 | D        | Reached skill level 19 in Fighting
    25 | D        | Reached skill level 27 in Axes
    25 | D        | Reached skill level 27 in Dodging
    25 | D        | Reached skill level 26 in Spellcasting
    25 | D        | Reached skill level 27 in Translocations
    26 | D        | Noticed a bag of meat
    26 | D        | Noticed a bag of meat
    26 | D        | Killed a meat berserker
    26 | D        | Reached skill level 23 in Fighting
    26 | D        | Reached skill level 27 in Spellcasting
    26 | D        | Reached XP level 18. HP: 112/121 MP: 18/50
    27 | D        | Noticed a bag of meat
    27 | D        | Noticed a meat berserker
    27 | D        | Noticed a large bag of meat
    27 | D        | Killed a meat berserker
    27 | D        | Reached skill level 27 in Fighting
    27 | D        | Reached skill level 3 in Throwing
    27 | D        | Reached skill level 2 in Armour
    27 | D        | Reached skill level 3 in Unarmed Combat
    27 | D        | Reached skill level 3 in Invocations
    27 | D        | Killed a meat berserker
    27 | D        | Reached skill level 11 in Throwing
    27 | D        | Reached skill level 8 in Armour
    27 | D        | Reached skill level 9 in Unarmed Combat
    27 | D        | Reached skill level 11 in Invocations
    27 | D        | Reached XP level 19. HP: 132/132 MP: 18/51
    28 | D        | Noticed a bag of meat
    28 | D        | Noticed a meat berserker
    28 | D        | Killed a meat berserker
    28 | D        | Reached skill level 14 in Throwing
    28 | D        | Reached skill level 11 in Armour
    28 | D        | Reached skill level 12 in Unarmed Combat
    28 | D        | Reached skill level 14 in Invocations
    29 | D        | Noticed a bag of meat
    29 | D        | Noticed a large bag of meat
    30 | D        | Noticed a bag of meat
    30 | D        | Killed a bag of meat
    30 | D        | Reached skill level 16 in Throwing
    30 | D        | Reached skill level 12 in Armour
    30 | D        | Reached skill level 14 in Unarmed Combat
    30 | D        | Reached skill level 16 in Invocations
    30 | D        | Noticed a destroyer
    31 | D        | Noticed a large bag of meat
    31 | D        | Noticed a large bag of meat
    31 | D        | Killed a bag of meat
    31 | D        | Reached ****** piety under Makhleb
    31 | D        | Reached skill level 17 in Throwing
    31 | D        | Reached skill level 13 in Armour
    31 | D        | Reached skill level 15 in Unarmed Combat
    31 | D        | Reached skill level 17 in Invocations
    31 | D        | Reached XP level 20. HP: 137/137 MP: 19/52
    32 | D        | Noticed a bag of meat
    32 | D        | Noticed The Servant
    32 | D        | Killed a destroyer
    32 | D        | Reached skill level 20 in Throwing
    32 | D        | Reached skill level 16 in Armour
    32 | D        | Reached skill level 17 in Unarmed Combat
    32 | D        | Reached skill level 20 in Invocations
    33 | D        | Killed a large bag of meat
    33 | D        | Reached skill level 21 in Throwing
    33 | D        | Reached skill level 18 in Unarmed Combat
    33 | D        | Reached skill level 21 in Invocations
    33 | D        | Killed a destroyer
    33 | D        | Reached skill level 23 in Throwing
    33 | D        | Reached skill level 18 in Armour
    33 | D        | Reached skill level 20 in Unarmed Combat
    33 | D        | Reached skill level 23 in Invocations
    33 | D        | Reached XP level 21. HP: 142/142 MP: 20/53
    34 | D        | Noticed a bag of meat
    34 | D        | Noticed a destroyer
    34 | D        | Killed a bag of meat
    34 | D        | Reached skill level 19 in Armour
    35 | D        | Noticed a bag of meat
    35 | D        | Killed a meat berserker
    35 | D        | Reached skill level 25 in Throwing
    35 | D        | Reached skill level 20 in Armour
    35 | D        | Reached skill level 21 in Unarmed Combat
    35 | D        | Reached skill level 25 in Invocations
    35 | D        | Killed a meat berserker
    35 | D        | Reached skill level 26 in Throwing
    35 | D        | Reached skill level 21 in Armour
    35 | D        | Reached skill level 22 in Unarmed Combat
    35 | D        | Reached skill level 26 in Invocations
    36 | D        | Noticed a bag of meat
    36 | D        | Noticed a destroyer
    36 | D        | Noticed a meat berserker
    36 | D        | Killed a bag of meat
    36 | D        | Reached skill level 23 in Unarmed Combat
    36 | D        | Killed a bag of meat
    36 | D        | Reached skill level 27 in Throwing
    36 | D        | Reached skill level 22 in Armour
    36 | D        | Reached skill level 24 in Unarmed Combat
    36 | D        | Reached skill level 27 in Invocations
    36 | D        | Reached XP level 22. HP: 148/148 MP: 20/54
    37 | D        | Noticed a bag of meat
    37 | D        | Killed a bag of meat
    37 | D        | Reached skill level 23 in Armour
    37 | D        | Reached skill level 25 in Unarmed Combat
    37 | D        | Killed a bag of meat
    37 | D        | Reached skill level 24 in Armour
    37 | D        | Reached skill level 26 in Unarmed Combat
    37 | D        | Killed a large bag of meat
    37 | D        | Killed a bag of meat
    37 | D        | Reached skill level 26 in Armour
    37 | D        | Reached skill level 27 in Unarmed Combat
    38 | D        | Noticed a bag of meat
    38 | D        | Noticed a bag of meat
    38 | D        | Noticed a bag of meat
    38 | D        | Noticed a bag of meat
    38 | D        | Killed a large bag of meat
    38 | D        | Reached skill level 27 in Armour
    38 | D        | Killed a bag of meat
    39 | D        | Noticed a bag of meat
    39 | D        | Noticed a destroyer
    39 | D        | Noticed a bag of meat
    39 | D        | Killed a bag of meat
    39 | D        | Killed a bag of meat
    39 | D        | Reached XP level 23. HP: 153/153 MP: 21/55
    40 | D        | Noticed a meat berserker
    40 | D        | Noticed a meat berserker
    40 | D        | Noticed a bag of meat
    40 | D        | Killed a destroyer
    40 | D        | Killed a large bag of meat
    41 | D        | Noticed a bag of meat
    41 | D        | Noticed a destroyer
    41 | D        | Noticed a bag of meat
    41 | D        | Noticed a bag of meat
    41 | D        | Noticed a bag of meat
    41 | D        | Noticed a sculptor of flesh
    41 | D        | Noticed a sculptor of flesh
    41 | D        | Noticed a bag of meat
    41 | D        | Noticed a bag of meat
    41 | D        | Noticed a bag of meat
    41 | D        | Noticed a destroyer
    42 | D        | Noticed a bag of meat
    42 | D        | Noticed a bag of meat
    42 | D        | Killed a destroyer
    42 | D        | Killed a bag of meat
    42 | D        | Killed a bag of meat
    42 | D        | Reached XP level 24. HP: 158/158 MP: 22/55
    43 | D        | Killed a meat berserker
    43 | D        | Killed a bag of meat
    43 | D        | Annihilated by The Servant

Table legend:
 A = Turns spent in this place as a percentage of turns spent in the entire game.
 B = Non-inter-level travel turns spent in this place as a percentage of non-inter-level travel turns spent in the entire game.
 C = Inter-level travel turns spent in this place as a percentage of turns spent in this place.
 D = Turns resting spent in this place as a percentage of non-inter-level travel turns spent in this place.
 E = Turns spent auto-exploring this place as a percentage of non-inter-level travel turns spent in this place.
 F = Non-inter-level travel turns spent in this place divided by the number of levels of this place that you've seen.
                   A       B       C       D       E      F
               +-------+-------+-------+-------+-------+----------------------
         Total | 100.0 | 100.0 |   0.0 |   0.0 |   0.0 | 105.0
       Dungeon | 100.0 | 100.0 |   0.0 |   0.0 |   0.0 | 105.0
               +-------+-------+-------+-------+-------+----------------------

Table legend:
 A = Kills in this place as a percentage of kills in entire the game.
 B = Kills by you in this place as a percentage of kills by you in the entire game.
 C = Kills by friends in this place as a percentage of kills by friends in the entire game.
 D = Other kills in this place as a percentage of other kills in the entire game.
 E = Experience gained in this place as a percentage of experience gained in the entire game.
 F = Experience gained in this place divided by the number of levels of this place that you have seen.
                   A       B       C       D       E      F
               +-------+-------+-------+-------+-------+----------------------
         Total | 100.0 | 100.0 |  -nan |  -nan | 100.0 | 1050172.0
       Dungeon | 100.0 | 100.0 |  -nan |  -nan | 100.0 | 1050172.0
               +-------+-------+-------+-------+-------+----------------------

Vanquished Creatures
  4 vampire knights (D)
  11 ogres (D)
  21 orcs (D)
  4 hill giants (D)
  A small abomination (D)
41 creatures vanquished.
